 Dungeon Crawl Stone Soup version 0.31.0-12-g77e489cdc1 (webtiles) character file.

Game seed: 12239647580485921302

48 Curundu the Chopper (level 3, -1/29 HPs)
             Began as a Human Berserker on Feb 14, 2024.
             Was a Believer of Trog.
             Slain by an adder (4 damage)
             ... on level 3 of the Dungeon.
             The game lasted 00:06:00 (1636 turns).

Curundu the Chopper (Human Berserker)               Turns: 1636, Time: 00:06:01

Health: -1/29      AC:  2    Str: 19    XL:     3   Next: 72%
Magic:  3/3        EV:  8    Int:  7    God:    Trog [**....]
Gold:   99         SH: 10    Dex: 12    Spells: 2/2 levels left

rFire   + . .        q - +4 spear "Uxenwuyd" {vamp, ^Contam rPois rF+ rCorr}
rCold   . . .        l - +0 tower shield
rNeg    . . .        b - +0 animal skin
rPois   +            (no helmet)
rElec   .            (no cloak)
rCorr   +            (no gloves)
SInv    .            (no boots)
Will    .....        (no amulet)
Stlth   +            (no ring)
HPRegen 0.24/turn    (no ring)
MPRegen 0.08/turn

%: no passive effects
@: no status effects
A: explore regen
a: Renounce Religion, Berserk, Trog's Hand


You were on level 3 of the Dungeon.
You worshipped Trog.
Trog was pleased with you.
You visited 1 branch of the dungeon, and saw 3 of its levels.

You collected 99 gold pieces.

Inventory:

Hand Weapons
 a - a +0 hand axe
 q - the +4 spear "Uxenwuyd" (weapon) {vamp, ^Contam rPois rF+ rCorr}
   (You found it on level 2 of the Dungeon)

   rF+:       It protects you from fire.
   rPois:     It protects you from poison ^Contam: It causes magical
   contamination when unequipped.
   rCorr:     It protects you from acid and corrosion.
Armour
 b - a +0 animal skin (worn)
 l - a +0 tower shield (worn)
Jewellery
 f - an amulet of the acrobat
Scrolls
 e - a scroll of enchant armour {unknown}
 g - a scroll of immolation {unknown}
 h - a scroll of torment {unknown}
 i - 2 scrolls of identify {unknown}
 k - a scroll of noise {unknown}
 o - a scroll of teleportation {unknown}
 p - a scroll of amnesia {unknown}
Potions
 c - 2 potions of curing {unknown}
 d - a potion of berserk rage {unknown}
 j - a potion of might {unknown}
 m - a potion of haste {unknown}
 n - a potion of brilliance {unknown}
 r - a potion of heal wounds {unknown}


   Skills:
 + Level 3.5 Fighting
 + Level 3.5 Axes
 * Level 2.3 Armour
 * Level 2.2 Dodging
 * Level 0.3 Shields
 * Level 0.3 Evocations


You had 2 spell levels left.
You didn't know any spells.
Your spell library was empty.

Dungeon Overview and Level Annotations

Branches:
Dungeon (3/15)

Altars:


Innate Abilities, Weirdness & Mutations

You regain HP and MP as you explore.


Message History

You closely miss the adder. The adder barely misses you.
The ribbon worm expels a string of sticky webbing.
The stream of webbing hits you but does no damage.
You are caught in a web!
The adder bites you.
The web tears apart.
You block the adder's attack.
You barely miss the adder. The adder bites you.
The ribbon worm expels a string of sticky webbing.
The stream of webbing hits you but does no damage.
You are caught in a web!
The adder bites you but does no damage.
You struggle to detach yourself from the web.
The adder barely misses you.
You struggle to detach yourself from the web.
The adder bites you but does no damage. The ribbon worm bites you.
The adder bites you but does no damage.
The web tears apart.
The adder bites you.
You are poisoned.
The adder poisons you!
The ribbon worm expels a string of sticky webbing.
The stream of webbing hits you but does no damage.
You are caught in a web!
You struggle to detach yourself from the web.
You feel sick.
The adder hisses angrily.
The adder bites you. The ribbon worm bites you.
The web tears apart.
You feel sick. The adder bites you but does no damage.
The adder closely misses you.
You closely miss the adder.
You feel sick. The adder closely misses you.
You block the ribbon worm's attack. You block the adder's attack.
The adder barely misses you. The ribbon worm closely misses you.
You closely miss the adder.
You feel sick. You block the adder's attack. x2
The adder bites you.
* * * LOW HITPOINT WARNING * * *
You block the ribbon worm's attack.
You closely miss the adder.
You feel sick.
You are no longer poisoned.
The adder misses you. You block the adder's attack. x2
You block the ribbon worm's attack. The adder bites you but does no damage.
You completely miss the adder. You block the adder's attack.
The adder bites you.
You die...

.. .#.#
.###.#.#.
........ #
....<. #[ .....
. #.###.#.#
....#...w>#.#
......S@S...# #
..#.#####.#.#.#
#...........#
..........###
#######.### #.#
#†# #># #.#


You could see a ribbon worm and 2 adders.

Vanquished Creatures
  2 dart slugs
  A ribbon worm (D:2)
  2 ball pythons
  3 endoplasms (D:1)
  2 giant cockroaches
  4 goblins
  4 hobgoblins (D:1)
  4 jackals (D:1)
  5 bats
  5 frilled lizards
  5 kobolds
  A rat (D:3)
38 creatures vanquished.

Notes
Turn   | Place    | Note
-------+----------+-------------------------------------------
     0 | D:1      | Curundu the Human Berserker began the quest for the Orb.
     0 | D:1      | Reached XP level 1. HP: 18/18 MP: 1/1
     6 | D:1      | You fall into a shaft and drop 1 floor!
   216 | D:1      | Reached XP level 2. HP: 24/24 MP: 2/2
   473 | D:1      | Reached XP level 3. HP: 23/29 MP: 3/3
   907 | D:2      | Reached ** piety under Trog
  1192 | D:2      | Identified the +4 spear "Uxenwuyd" {vamp, ^Contam rPois rF+
                  | rCorr}
  1636 | D:3      | Slain by an adder

Illustrated notes

Levels and vault maps discovered:
D:1:      nagdon_arrival_zigzag_paths, layout_rooms
D:2:      layout_loops_cross
D:3:      layout_loops_ring

Action                     || total
---------------------------++-------
  Melee: Hand axe          ||   114
         Spear             ||    15
   Stab: Sleeping          ||     2
 Armour: Animal skin       ||    88
  Dodge: Dodged            ||    65
  Block: Tower shield      ||    57
